 Dungeon Crawl Stone Soup version 0.31.0-11-ge490571c62 (webtiles) character file.

Game seed: 5784820165504470987

82098 iamserjio the Severer (level 15, 145/145 HPs)
             Began as a Minotaur Fighter on Feb 4, 2024.
             Was the Champion of the Shining One.
             Quit the game on level 14 of the Dungeon.
             The game lasted 00:23:35 (22277 turns).

iamserjio the Severer (Minotaur Fighter)           Turns: 22277, Time: 00:23:36

Health: 145/145    AC: 40    Str: 36    XL:     15   Next: 28%
Magic:  32/32      EV: 16    Int: 13    God:    the Shining One [******]
Gold:   1346       SH:  5    Dex: 11    Spells: 14/14 levels left

rFire   . . .        K - +1 broad axe (freeze)
rCold   . . .        c - +0 buckler
rNeg    + + +        Y - +16 plate armour "Ommugh" {Str+3 Int+3 Dex+2}
rPois   +            C - +3 hat of Pondering {ponderous, Will+ MP+10 Int+5}
rElec   .            r - +2 cloak {rPois}
rCorr   .            H - +0 pair of gloves
SInv    .            Q - +0 pair of boots
Will    ++...        e - amulet of faith Stlth
                     E - +6 ring of strength
HPRegen 0.44/turn    P - +5 ring of evasion
MPRegen 0.23/turn

%: faith
@: glowing, slow
A: horns 2, retaliatory headbutt, clumsy 1
a: Renounce Religion, Divine Shield, Cleansing Flame, Summon Divine Warrior,
Brand Weapon With Holy Wrath


You were on level 14 of the Dungeon.
You worshipped the Shining One.
The Shining One was exalted by your worship.
You visited 3 branches of the dungeon, and saw 20 of its levels.
You also visited: Bailey, Gauntlet and Volcano.

You collected 1949 gold pieces.
You spent 540 gold pieces at shops.
You donated 63 gold pieces to Zin.

Inventory:

Hand Weapons
 y - a +0 broad axe of protection
 K - a +1 broad axe of freezing (weapon)
 U - a +1 eveningstar of flaming
Missiles
 t - 4 curare-tipped darts
 z - 7 throwing nets (quivered) {!f}
Armour
 c - a +0 buckler (worn)
 r - a +2 cloak of poison resistance (worn)
 C - the +3 hat of Pondering (worn) {ponderous, Will+ MP+10 Int+5}
   (You took it off Gastronok on level 1 of the Lair of Beasts)

   Int+5:     It affects your intelligence (+5).
   Will+:     It increases your willpower.
   MP+10:     It affects your magic capacity (+10).
 H - a +0 pair of gloves (worn)
 Q - a +0 pair of boots (worn)
 Y - the +16 plate armour "Ommugh" (worn) {Str+3 Int+3 Dex+2}
   (You found it on level 3 of the Lair of Beasts)

   Str+3:     It affects your strength (+3).
   Int+3:     It affects your intelligence (+3).
   Dex+2:     It affects your dexterity (+2).
Jewellery
 e - an amulet of faith (around neck)
 g - a ring of flight
 j - a ring of protection from fire
 l - a ring of resist corrosion
 p - a ring of willpower
 B - an amulet of regeneration
 E - a +6 ring of strength (left hand)
 I - a ring of protection from fire
 P - a +5 ring of evasion (right hand)
 W - a ring of protection from fire
Wands
 d - a wand of roots (12)
 q - a wand of digging (3) {@v3}
 x - a wand of flame (91)
 L - a wand of light (7)
 R - a wand of polymorph (10)
 S - a wand of paralysis (5)
Scrolls
 f - 12 scrolls of teleportation {@r3}
 k - 3 scrolls of revelation
 m - 5 scrolls of vulnerability
 n - 2 scrolls of blinking {@r4}
 v - 3 scrolls of fear
 w - 2 scrolls of immolation
 N - 4 scrolls of poison
 V - 5 scrolls of fog
Potions
 a - 4 potions of heal wounds {@q2}
 h - 7 potions of curing {@q1}
 i - 3 potions of mutation
 o - 7 potions of enlightenment
 u - 7 potions of haste {@q4}
 A - a potion of cancellation
 D - a potion of attraction
 F - a potion of lignification
 J - a potion of resistance {@q5}
 M - a potion of magic
 O - a potion of berserk rage
 T - 2 potions of invisibility
 X - 3 potions of might {@q3}
Miscellaneous
 b - a sack of spiders
 s - a phantom mirror
 G - a phial of floods
 Z - a lightning rod (4/4)


   Skills:
 * Level 16.6 Fighting
 + Level 19.9 Axes
 + Level 11.1 Armour
 * Level 8.6 Dodging
 - Level 6.7 Shields
 + Level 11.8 Invocations


You had 14 spell levels left.
You didn't know any spells.
Your spell library contained the following spells:

 Spells                   Type           Power      Damage    Failure   Level
 Kiss of Death            Conj/Necr      0%         2d5       86%         1
 Magic Dart               Conj           0%         1d3       86%         1
 Sandblast                Erth           0%         2d4       86%         1
 Blink                    Tloc           0%         N/A       95%         2
 Call Imp                 Summ           0%         N/A       95%         2
 Cigotuvi's Dreadful Rot  Necr/Alch/Air  0%         N/A       95%         2
 Sublimation of Blood     Necr           0%         N/A       95%         2
 Confusing Touch          Hex            0%         N/A       99%         3
 Fugue of the Fallen      Necr           0%         N/A       99%         3
 Ozocubu's Armour         Ice            0%         N/A       99%         3
 Passwall                 Erth           0%         N/A       99%         3
 Stone Arrow              Conj/Erth      0%         3d7       99%         3
 Tukima's Dance           Hex            0%         N/A       99%         3
 Brom's Barrelling Bould  Conj/Erth      0%         2d3       100%        4
 Dispel Undead            Necr           0%         3d6       100%        4
 Ignite Poison            Fire/Alch      0%         N/A       100%        4
 Manifold Assault         Tloc           0%         N/A       100%        4
 Passage of Golubria      Tloc           0%         N/A       100%        4
 Petrify                  Alch/Erth      0%         N/A       100%        4
 Freezing Cloud           Conj/Ice/Air   0%         6-21      100%        5
 Irradiate                Conj/Alch      0%         3d11      100%        5
 Metabolic Englaciation   Hex/Ice        0%         N/A       100%        5
 Yara's Violent Unravell  Hex/Alch       0%         3d3       100%        5
 Sculpt Simulacrum        Ice/Alch       0%         N/A       100%        6


Dungeon Overview and Level Annotations

Branches:
Dungeon (14/15) Zot: 26096  Temple (1/1) D:4 Zot: 5962    Lair (5/5) D:10 Zot: 24087
  Swamp (0/4) Lair:3        Snake (0/4) Lair:3        Slime (0/5) Lair:5
    Orc (0/2) D:12         Vaults (0/5) D:14         Bailey (visited)
Volcano (visited)         Gauntlet (visited)

Altars:
Ashenzari
Cheibriados
Dithmenos
Elyvilon
Fedhas
Gozag
Hepliaklqana
Kikubaaqudgha
Makhleb
Nemelex Xobeh
Okawaru
Qazlal
Ru
Sif Muna
Trog
Uskayaw
Vehumet
Wu Jian
Xom
Yredelemnul
Zin
The Shining One

Shops:
D:10 (   D:12 =:

Annotations:
D:4 1 runed translucent door, bl3nd3r's ghost, amateur GnRe
D:7 exclusion: oklob plant
Lair:3 exclusion: 2 oklob plants


Innate Abilities, Weirdness & Mutations

You have a pair of horns on your head.
You reflexively headbutt those who attack you in melee.
You are clumsy. (Dex -2)


Message History

No target in view!
No target in view!
No target in view!
No target in view!
No target in view!
No target in view!
No target in view!
No target in view!
No target in view!
Things that are here:
a +0 shortbow; a centaur corpse
There is a stone staircase leading down here.
Found a rapier.
Found 4 atropa-tipped darts.
Found a stone staircase leading down.
You see here a staff of death.
No target in view!
No target in view!
No target in view!
No target in view!
No target in view!
You see here 4 atropa-tipped darts.
Your pack is full.
You see here a scroll of identify {@r1}.
Your pack is full.
You see here a scroll of identify {@r1}.
Okay, then.
As you read the scroll of identify {@r1}, it crumbles to dust.
F - a potion of lignification You see here 4 atropa-tipped darts.
Done exploring.
Done exploring.
Done exploring.
Done exploring.
Saving game... please wait.
Options error: Missing colour in message_colour setting: 'Shift\-Dir \- straight line' Options error: Missing colour in message_colour setting: 'f \- you' Welcome back, iamserjio the Minotaur Fighter.
The Shining One says: Lead the forces of light to victory!
Unknown command.

##..# #...# ##.....#.†..#...
#...###...## ##..#.....†.....#
#....#.....#####.#####........##
##...............## ##.......#
.............[..## #......##
................# ##....##
.####...........# #....# ##
#..########.## ##..## # #.##
##@# #..# # #.# #.# #.## #.# #<#
#.# #.# ### ### ###


There were no monsters in sight!

Vanquished Creatures
  Gastronok (Lair:1)
  Nessos (D:14)
  A minotaur (Gauntlet)
  Snorg (Lair:4)
  Josephine (Lair:4)
  A yaktaur captain (D:10)
  Harold (Lair:1)
  3 hydras
  A catoblepas (Lair:5)
  2 ogre magi
  A merfolk avatar (Lair:5)
  A death knight (D:14)
  5 centaur warriors
  2 two-headed ogres (D:14)
  2 boulder beetles
  11 death yaks
  A hell knight (Volcano)
  A skeletal warrior (D:14)
  A fire crab (Lair:5)
  2 skysharks
  A bog body (Lair:3)
  2 sea snakes (Lair:5)
  A lindwurm (Lair:4)
  3 harpies (Lair:5)
  An arcanist (D:14)
  A harpy (shapeshifter) (D:13)
  2 deep elf pyromancers
  11 ugly things
  9 elephants
  4 manticores
  7 cyclopes
  7 slime creatures
  An apocalypse crab (Gauntlet)
  A torpor snail (Gauntlet)
  A smoke demon (Gauntlet)
  5 black mambas
  14 cane toads
  A molten gargoyle (Volcano)
  A gargoyle (D:10)
  Jeremiah (Lair:1)
  An unseen horror (D:13)
  3 rime drakes
  A freezing wraith (D:14)
  2 tengu conjurers
  8 komodo dragons
  3 yaktaurs
  A red devil (Gauntlet)
  8 trolls
  A wind drake (Lair:5)
  A hornet (D:11)
  A raiju (Gauntlet)
  5 polar bears
  8 blink frogs
  2 snapping turtles (Lair:5)
  30 yaks
  A spriggan (Lair:3)
  6 fire bats (Volcano)
  5 basilisks
  A water elemental (D:12)
  12 wraiths
  11 wyverns
  3 steam dragons
  12 vampire mosquitoes
  A neqoxec (Gauntlet)
  Menkaure (D:6)
  3 chaos spawn (Gauntlet)
  2 nagas (Lair:3)
  11 water moccasins
  A hell hound (Lair:4)
  2 acid dragons
  3 ice beasts
  2 laughing skulls (D:14)
  15 orc warriors
  4 black bears
  An ogre (D:5)
  26 wolves
  13 centaurs
  2 phantoms
  12 bullfrogs
  3 kobold brigands
  A scorpion (D:4)
  A gnoll sergeant (D:13)
  12 wights (D:8)
  4 killer bees (D:8)
  5 howler monkeys
  4 lava snakes (Volcano)
  2 bombardier beetles (D:5)
  2 crimson imps (Gauntlet)
  2 jellies
  2 gnoll boudas
  14 orc priests
  Crazy Yiuf (D:2)
  2 sleepcaps
  9 orc wizards
  7 iguanas
  Natasha (twice) (D:4)
  16 hell rats
  17 gnolls
  4 adders
  3 white imps
  2 ufetubi (D:6)
  2 ribbon worms
  6 dart slugs
  55 orcs
  6 ball pythons
  9 endoplasms
  2 giant cockroaches
  3 hobgoblins
  3 jackals (D:1)
  19 kobolds
  12 quokkas
  4 bats
  5 frilled lizards
  19 goblins
  11 rats
610 creatures vanquished.

Vanquished Creatures (others)
  An orc (D:9)
1 creature vanquished.

Grand Total: 611 creatures vanquished

Notes
Turn   | Place    | Note
-------+----------+-------------------------------------------
     0 | D:1      | iamserjio the Minotaur Fighter began the quest for the Orb.
     0 | D:1      | Reached XP level 1. HP: 19/19 MP: 0/0
   162 | D:1      | Reached XP level 2. HP: 27/27 MP: 1/1
   178 | D:2      | Reached skill level 3 in Axes
   268 | D:2      | Reached XP level 3. HP: 33/33 MP: 2/2
   537 | D:2      | Found a runed translucent door.
   538 | D:2      | Noticed Crazy Yiuf
   796 | D:3      | Found a snail-covered altar of Cheibriados.
   800 | D:3      | Found an iron altar of Okawaru.
   800 | D:3      | Found a stormy altar of Qazlal.
   801 | D:3      | Found a hide-covered altar of Uskayaw.
  1067 | D:3      | Reached XP level 4. HP: 36/40 MP: 3/3
  1263 | D:4      | Reached skill level 4 in Axes
  1274 | D:4      | Noticed an ice beast
  1460 | D:4      | Killed an ice beast
  1461 | D:4      | Reached XP level 5. HP: 17/47 MP: 4/4
  1461 | D:4      | Found a staircase to the Ecumenical Temple.
  1470 | Temple   | Entered the Ecumenical Temple
  1478 | Temple   | Became a worshipper of Zin the Law-Giver
  1478 | Temple   | Reached * piety under Zin
  1511 | D:4      | Reached skill level 5 in Axes
  1759 | D:4      | Noticed Natasha
  1766 | D:4      | Killed Natasha
  1850 | D:4      | Found a runed translucent door.
  1854 | D:4      | Noticed bl3nd3r's ghost (amateur GnRe)
  1872 | D:4      | Reached XP level 6. HP: 55/55 MP: 5/5
  1883 | D:4      | Reached skill level 5 in Fighting
  1883 | D:4      | Reached skill level 5 in Armour
  1925 | D:4      | Noticed Natasha
  1931 | D:4      | Killed Natasha
  1932 | D:4      | Reached skill level 5 in Shields
  1979 | D:4      | Reached ** piety under Zin
  2154 | D:4      | Identified the +2 hand axe "Xolekyhe" {freeze, rPois rF-
                  | Dex+4}
  2331 | D:2      | Killed Crazy Yiuf
  3066 | D:5      | Entered Level 5 of the Dungeon
  3076 | D:5      | Reached skill level 6 in Axes
  3076 | D:5      | Reached XP level 7. HP: 59/61 MP: 6/6
  3508 | D:5      | Reached skill level 7 in Axes
  4188 | D:6      | Reached *** piety under Zin
  4204 | D:6      | Reached XP level 8. HP: 67/70 MP: 7/7
  4212 | D:6      | Noticed Menkaure
  4380 | D:6      | Killed Menkaure
  4488 | D:6      | Reached skill level 8 in Axes
  4564 | D:6      | Found a white marble altar of Elyvilon.
  4812 | D:6      | Reached skill level 1 in Invocations
  5023 | D:6      | Reached skill level 9 in Axes
  5122 | D:6      | Found an ancient bone altar of Kikubaaqudgha.
  5310 | D:7      | Reached XP level 9. HP: 51/79 MP: 9/9
  5569 | D:7      | Found a bloodstained altar of Trog.
  5616 | D:7      | Reached **** piety under Zin
  5770 | D:7      | Identified the +2 robe "Saickix" {rElec rF- Int+4 Slay+3}
  5819 | D:7      | Found a blossoming altar of Fedhas.
  5831 | D:7      | Noticed an oklob plant
  5969 | D:7      | Noticed a centaur warrior
  5977 | D:7      | Killed a centaur warrior
  5978 | D:7      | Reached skill level 10 in Axes
  6956 | D:8      | Reached skill level 11 in Axes
  7020 | D:8      | Reached ***** piety under Zin
  7275 | D:8      | Reached XP level 10. HP: 72/90 MP: 12/12
  7899 | D:9      | Zin protects you from harm!
  7904 | D:9      | Gained mutation: You are clumsy. (Dex -2) [potion of
                  | mutation]
  8003 | D:9      | Found a flagged portal.
  8166 | D:9      | Reached skill level 12 in Axes
  8172 | D:9      | Reached skill level 5 in Invocations
  8266 | Bailey   | Entered a bailey
  8520 | Bailey   | Reached skill level 13 in Axes
  8711 | Bailey   | Reached skill level 10 in Fighting
  9010 | D:9      | Reached ****** piety under Zin
  9067 | D:9      | Reached XP level 11. HP: 90/99 MP: 14/14
  9148 | D:6      | Fell from the grace of Zin
  9148 | D:6      | Became a worshipper of Elyvilon the Healer
  9148 | D:6      | Reached * piety under Elyvilon
  9148 | D:6      | Reached ** piety under Elyvilon
  9148 | D:6      | Reached *** piety under Elyvilon
  9560 | D:10     | Entered Level 10 of the Dungeon
  9698 | D:10     | Found a runed translucent door.
  9698 | D:10     | Noticed an ogre mage
  9699 | D:10     | Noticed a yaktaur captain
  9703 | D:10     | Killed an ogre mage
  9760 | D:10     | Noticed a death yak
  9761 | D:10     | Noticed a death yak
  9777 | D:10     | Noticed a death yak
  9782 | D:10     | Killed a death yak
  9787 | D:10     | Killed a death yak
  9788 | D:10     | Reached skill level 14 in Axes
  9799 | D:10     | Killed a death yak
  9913 | D:10     | Found a staircase to the Lair.
  9928 | D:10     | Reached **** piety under Elyvilon
 10400 | D:10     | Found Yduam's Weapon Shop.
 10500 | D:10     | Noticed a centaur warrior
 10952 | D:11     | Noticed a boulder beetle
 10968 | D:11     | Killed a boulder beetle
 10969 | D:11     | Reached skill level 15 in Axes
 11960 | D:12     | Found a staircase to the Orcish Mines.
 11993 | D:12     | HP: 2/103 [manticore (4)]
 12289 | D:12     | Reached XP level 12. HP: 69/111 MP: 15/17
 12679 | D:12     | Found Jaxkalon's Jewellery Shop.
 12712 | D:12     | Bought a +6 ring of strength for 540 gold pieces
 12781 | D:12     | Found Ewunak's Self-Improvement Boutique.
 12791 | D:12     | Reached skill level 16 in Axes
 12915 | D:12     | Reached ***** piety under Elyvilon
 13769 | D:10     | Noticed a boulder beetle
 13787 | D:10     | Killed a centaur warrior
 13788 | D:10     | Reached skill level 17 in Axes
 13805 | D:10     | Killed a yaktaur captain
 13807 | D:10     | Killed a boulder beetle
 14099 | Lair:1   | Entered Level 1 of the Lair of Beasts
 14206 | Lair:1   | Found a dark tunnel.
 14217 | Volcano  | Entered a volcano
 14428 | Volcano  | Found a burning altar of Makhleb.
 14428 | Volcano  | Noticed a centaur warrior
 14435 | Volcano  | Killed a centaur warrior
 14436 | Volcano  | Reached XP level 13. HP: 100/122 MP: 19/19
 15037 | Lair:1   | Reached skill level 18 in Axes
 15038 | Lair:1   | Noticed Gastronok
 15055 | Lair:1   | Killed Gastronok
 15185 | Lair:1   | Noticed Jeremiah
 15200 | Lair:1   | Killed Jeremiah
 15291 | Lair:1   | Reached skill level 10 in Invocations
 15667 | Lair:1   | Noticed Harold
 15677 | Lair:1   | Killed Harold
 16124 | Lair:2   | Reached ****** piety under Elyvilon
 16788 | Lair:3   | Found a staircase to the Swamp.
 16834 | Lair:3   | Found a gate leading to a gauntlet.
 16843 | Gauntlet | Entered a Gauntlet
 16843 | Gauntlet | Found a transporter.
 16981 | Gauntlet | Found a transporter.
 16983 | Gauntlet | Found a transporter.
 16984 | Gauntlet | Found a transporter.
 17070 | Gauntlet | Found a transporter.
 17070 | Gauntlet | Found a transporter.
 17070 | Gauntlet | Found a transporter.
 17096 | Gauntlet | Found a transporter.
 17105 | Gauntlet | Found a transporter.
 17106 | Gauntlet | Found a transporter.
 17268 | Gauntlet | Found a transporter.
 17268 | Gauntlet | Found a transporter.
 17269 | Gauntlet | Found a transporter.
 17282 | Gauntlet | Found a transporter.
 17294 | Gauntlet | Reached skill level 1 in Dodging
 17501 | Gauntlet | Noticed a minotaur
 17510 | Gauntlet | Killed a minotaur
 17511 | Gauntlet | Reached skill level 19 in Axes
 17800 | Temple   | Fell from the grace of Elyvilon
 17800 | Temple   | Became a worshipper of the Shining One
 17800 | Temple   | Reached * piety under the Shining One
 17800 | Temple   | Reached ** piety under the Shining One
 17800 | Temple   | Reached *** piety under the Shining One
 18114 | Lair:3   | Found a blossoming altar of Fedhas.
 18171 | Lair:3   | Identified the +16 plate armour "Ommugh" {Str+3 Int+3
                  | Dex+2}
 18188 | Lair:3   | Found a staircase to the Snake Pit.
 18790 | Lair:4   | Reached XP level 14. HP: 133/133 MP: 21/21
 18846 | Lair:4   | Reached **** piety under the Shining One
 19062 | Lair:4   | Noticed Snorg
 19063 | Lair:4   | Noticed Josephine
 19069 | Lair:4   | Killed Snorg
 19070 | Lair:4   | Reached skill level 15 in Fighting
 19076 | Lair:4   | Killed Josephine
 19077 | Lair:4   | Reached skill level 5 in Dodging
 19359 | Lair:4   | Reached ***** piety under the Shining One
 19586 | Lair:4   | Reached skill level 10 in Armour
 19840 | Lair:5   | Entered Level 5 of the Lair of Beasts
 19957 | Lair:5   | Found a staircase to the Slime Pits.
 21472 | D:14     | Reached ****** piety under the Shining One
 21496 | D:14     | Reached XP level 15. HP: 130/144 MP: 22/22
 21951 | D:14     | Found a gate to the Vaults.
 21952 | D:14     | Noticed Nessos
 21966 | D:14     | Killed Nessos
 22277 | D:14     | Quit the game

Illustrated notes

Levels and vault maps discovered:
D:1:      amcnicky_arrival_blooded_trapdoor, layout_basic, minmay_octomino_c4
D:2:      layout_rooms, uniq_crazy_yiuf_cottage
D:3:      layout_rooms, chequers_temple_overflow_statue_of_worship, st_stairs_4
D:4:      layout_basic, minmay_temple_entry_waves,
          ebering_ghost_reflecting_pool, uniq_natasha
D:5:      layout_basic, kennysheep_path_1, lexackson_kobold_supper
D:6:      layout_loops_ring, marbit_many_paths, elyvilon_altar_3, uniq_menkaure
D:7:      layout_loops_corners, tgw_fedhas, mainiacjoe_overflow_paths,
          minmay_three_doors
D:8:      layout_loops_ring, special_room [special_room_orc],
          kennysheep_generic_room_16
D:9:      layout_rooms, enter_bailey_5
D:10:     layout_irregular_city, dpeg_lair_monsters, serial_shops, shop,
          kennysheep_flooded_box, minivault_13
D:11:     layout_rooms, grunt_ministairs_9
D:12:     layout_basic, orc_0_dummy, serial_shops, nicolae_shop_tiny_waterfront,
          nicolae_shop_self_help
D:13:     layout_cave_pools
D:14:     layout_layer_cave, david_vaults_2, hangedman_decor_push, uniq_nessos
Temple:   eino_temple_lava
Lair:1:   layout_regular_city, enter_volcano_1, uniq_harold, uniq_jeremiah,
          uniq_gastronok
Lair:2:   layout_long_grid
Lair:3:   layout_gridlike, skrybe_swamp_entry_bodies,
          guppyfry_snake_entry_garden, gauntlet_entry_generic,
          hangedman_tree_tricks, nicolae_lair_grove_arrangements,
          grunt_forest_stairs_basic, forest_entry_grove
Lair:4:   layout_long_grid, special_room [special_room_mythical_zoo],
          grunt_megastairs_4, infiniplex_staircase_pool, uniq_josephine,
          uniq_snorg
Lair:5:   gammafunk_lair_ancient_temple, layout_layer_cave,
          minmay_slime_entry_pillars, hibernation_bobbens

Skill      XL: |  1  2  3  4  5  6  7  8  9 10 11 12 13 14 15 |
---------------+----------------------------------------------+-----
Axes           | 3 4 5 6 7 9 11 13 15 17 19 | 19.9
Fighting       | 4 5 6 7 8 10 11 13 14 16 | 16.6
Armour         | 4 5 6 7 8 9 10 11 | 11.1
Shields        | 4 5 6 |  6.7
Invocations    | 1 4 6 8 9 10 11 | 11.8
Dodging        | 3 7 8 |  8.6

Action                     |  1- 3 |  4- 6 |  7- 9 | 10-12 | 13-15 || total
---------------------------+-------+-------+-------+-------+-------++-------
  Melee: War axe           |    78 |   117 |   299 |    16 |       ||   510
         Headbutt          |     6 |    20 |    50 |   100 |   165 ||   341
         Broad axe         |       |       |       |   481 |   656 ||  1137
         Eveningstar       |       |       |       |       |     2 ||     2
  Throw: Throwing net      |       |       |       |       |     1 ||     1
 Invoke: Recite            |       |       |     1 |     1 |       ||     2
         Heal Self         |       |       |       |     3 |     3 ||     6
  Evoke: Wand              |       |       |       |     2 |     1 ||     3
         Sack of spiders   |       |       |       |       |     1 ||     1
    Use: Potion            |       |     1 |     1 |    11 |     1 ||    14
         Scroll            |       |       |       |    23 |     7 ||    30
   Stab: Paralysed         |       |       |       |     1 |       ||     1
         Confused          |       |       |       |       |     1 ||     1
 Armour: Scale mail        |    53 |    78 |   247 |   277 |       ||   655
         Plate armour      |       |       |       |   124 |   439 ||   563
         Chain mail        |       |       |       |       |     6 ||     6
  Dodge: Dodged            |    34 |    43 |   109 |   232 |   299 ||   717
  Block: Buckler           |    16 |    25 |    64 |    97 |   150 ||   352
